 Dungeon Crawl Stone Soup version 0.18-a0-1572-g0a86841 (webtiles) character file.

137 Psiweapon the Chopper (level 5, -1/42 HPs)
             Began as a Hill Orc Gladiator on Mar 15, 2016.
             Slain by Grinder (4 damage)
             ... on level 3 of the Dungeon.
             The game lasted 00:06:17 (1757 turns).

Psiweapon the Chopper (Hill Orc Gladiator)          Turns: 1757, Time: 00:06:17

Health: -1/42      AC:  5    Str: 18    XL:     5   Next: 20%
Magic:  5/5        EV: 12    Int:  8    God:
Gold:   114        SH:  0    Dex: 12    Spells: 0 memorised, 4 levels left

rFire  . . .     SeeInvis +     a - +0 war axe
rCold  . . .     Gourm    .     r - +0 leather armour
rNeg   . . .     Faith    .     (no shield)
rPois  .         Spirit   .     c - +0 helmet
rElec  .         Dismiss  .     t - +0 cloak
rCorr  .         Reflect  .     (no gloves)
SustAt .         Harm     .     (no boots)
MR     .....                    l - amulet of regeneration
Stlth  +.........               (no ring)
                                i - ring of see invisible

@: not resistant to hostile enchantments, very unstealthy
A: no striking features
a: no special abilities


You were on level 3 of the Dungeon.
You were not hungry.

You visited 1 branch of the dungeon, and saw 4 of its levels.

You collected 114 gold pieces.

Inventory:

Hand Weapons
 a - a +0 war axe (weapon)
 b - a +0 hunting sling
Missiles
 d - 3 throwing nets (quivered)
 n - 3 stones
 s - 13 bolts
Armour
 c - a +0 helmet (worn)
 r - a +0 leather armour (worn)
 t - a +0 cloak (worn)
Jewellery
 i - a ring of see invisible (left hand)
 l - an amulet of regeneration (around neck)
 y - an uncursed ring of fire
Scrolls
 g - a scroll of fog {unknown}
 h - 2 scrolls of immolation {unknown}
 m - 2 scrolls of teleportation {unknown}
 o - a scroll of magic mapping {unknown}
 p - 3 scrolls of identify {unknown}
 v - a scroll of remove curse {unknown}
 w - a scroll of recharging {unknown}
Potions
 e - a potion of ambrosia {unknown}
 j - a potion of cancellation {unknown}
 k - 2 potions of might {unknown}
 q - 2 potions of lignification {unknown}
 z - a potion of magic {unknown}
Comestibles
 f - a bread ration
 u - a slice of pizza
 x - 3 chunks of flesh


   Skills:
 - Level 2.4 Fighting
 + Level 7.5 Axes
 - Level 1.7 Throwing
 - Level 2.4 Dodging


You had 4 spell levels left.
You didn't know any spells.

Dungeon Overview and Level Annotations

Branches:
Dungeon (4/15)
 Temple: D:4-7

Altars:

Annotations:
D:3 Grinder


Message History

Grinder is lightly wounded.
Grinder gestures at you.
You suddenly lose the ability to move!
Grinder hits you.
You writhe in agony.
Grinder hits you but does no damage.
You hear the slow rusting of a very distant drain.
Grinder says, "Mostly I couldn't keep them alive."
Grinder hits you.
You writhe in agony. x2
Grinder hits you.
You writhe in agony.
Grinder says, "Tell me all your secrets, or I'll kill you."
Grinder hits you.
You writhe in agony.
Grinder gestures at you. Pain shoots through your body!
* * * LOW HITPOINT WARNING * * *
You can move again.
You slash Grinder!
Grinder is moderately wounded.
Grinder hits you!
* * * LOW HITPOINT WARNING * * *
You writhe in agony.
You die...

##.####.# #.<.....#
#..###### #..# ####
#..# ..# #..# #.#
#<.#
..#####5########>.#
#......@..........#
###################


You could see Grinder.

Vanquished Creatures
  A gnoll shaman (D:1)
  A hound skeleton (D:4)
  2 gnolls (D:1)
  2 adders (D:2)
  A worm (D:2)
  4 giant geckos (D:1)
  7 bats
  2 giant cockroaches
  A goblin (D:2)
  8 hobgoblins
  5 jackals (D:1)
  A ball python (D:1)
  3 giant newts
  7 kobolds
  9 rats
54 creatures vanquished.

Notes
Turn   | Place    | Note
--------------------------------------------------------------
     0 | D:1      | Psiweapon the Hill Orc Gladiator began the quest for the Orb.
     0 | D:1      | Reached XP level 1. HP: 18/18 MP: 1/1
   450 | D:1      | Reached XP level 2. HP: 16/25 MP: 2/2
   676 | D:2      | Reached skill level 5 in Axes
   852 | D:1      | Reached XP level 3. HP: 30/30 MP: 3/3
  1199 | D:1      | Reached skill level 6 in Axes
  1270 | D:1      | Reached XP level 4. HP: 37/37 MP: 4/4
  1518 | D:1      | Reached skill level 7 in Axes
  1674 | D:2      | Reached XP level 5. HP: 32/42 MP: 5/5
  1749 | D:3      | Noticed Grinder
  1751 | D:3      | Paralysed by Grinder for 6 turns
  1757 | D:3      | Slain by Grinder

Vault maps used:
D:1:      dpeg_arrival_round_b, roderic_lattice_a
D:2:      first_bread
D:3:      nicolae_ru_sacrificial_ziggurat, portal_sewer_entry_e, uniq_grinder
D:4:      grunt_temple_overflow_open, serial_shops, nicolae_shop_stone,
          st_stairs_7

Skill      XL: |  1  2  3  4 |
---------------+-------------+-----
Axes           | 5 6 7 |  7.5
Fighting       | |  2.4
Throwing       | |  1.7
Dodging        | |  2.4

Action                   |  1- 3 |  4- 6 || total
-------------------------+-------+-------++-------
Melee: War axe           |   112 |    51 ||   163
 Fire: Hunting sling     |     4 |     2 ||     6
Throw: Throwing net      |     2 |       ||     2
 Stab: Held in net/web   |     1 |       ||     1
  Eat: Chunk             |     1 |     2 ||     3
